 Dungeon Crawl Stone Soup version 0.24.0-123-gd5b16e6ec5 (webtiles) character file.

Game seed: 9147462396430327837, levelgen mode: deterministic

7663 Amplified the Cleaver (level 11, -3/101 HPs)
             Began as a Hill Orc Skald on Jan 19, 2020.
             Was a High Priest of Okawaru.
             Slain by Snorg (23 damage)
             ... on level 10 of the Dungeon.
             The game lasted 00:11:43 (9790 turns).

Amplified the Cleaver (Hill Orc Skald)              Turns: 9790, Time: 00:11:43

Health: -3/101     AC: 17    Str: 18    XL:     11   Next: 18%
Magic:  17/18      EV: 16    Int: 13    God:    Okawaru [*****.]
Gold:   841        SH:  0    Dex: 15    Spells: 7/13 levels left

rFire    . . .     SeeInvis .   k - +2 war axe
rCold    . . .     Gourm    .   (no shield)
rNeg     + . .     Faith    .   e - +0 chain mail
rPois    .         Spirit   .   u - +1 helmet
rElec    .         Reflect  .   o - scarf {cloud immunity}
rCorr    +         Harm     .   b - +0 pair of gloves
MR       .....                  (no boots)
Stlth    +.........             a - amulet of the acrobat
HPRegen  0.26/turn              f - ring of positive energy
MPRegen  0.16/turn              h - ring of resist corrosion

@: agile, heroism
A: no striking features
a: Heroism, Finesse, Renounce Religion


You were on level 10 of the Dungeon.
You worshipped Okawaru.
Okawaru was extremely pleased with you.
You were not hungry.

You visited 1 branch of the dungeon, and saw 10 of its levels.
You also visited: Ossuary.

You collected 841 gold pieces.

Inventory:

Hand Weapons
 k - a +2 war axe (weapon)
 E - a +1 antimagic hand axe
Missiles
 g - 24 poisoned darts (quivered)
 x - 2 throwing nets
 A - 7 boomerangs
Armour
 b - a +0 pair of gloves (worn)
 e - a +0 chain mail (worn)
 o - a scarf of cloud immunity (worn)
 u - a +1 helmet (worn)
 B - the +1 robe "Jeoddyne" {*Corrode rPois rN+ SInv}
   (You found it on level 9 of the Dungeon)

   It protects you from poison.
   It protects you from negative energy.
   It lets you see invisible.
   It may corrode you when you take damage.
Jewellery
 a - an amulet of the acrobat (around neck)
 f - a ring of positive energy (left hand)
 h - a ring of resist corrosion (right hand)
 m - an uncursed ring of protection from cold
 C - an uncursed amulet of regeneration
Wands
 c - a wand of flame (26)
 l - a wand of iceblast (7)
 F - a wand of random effects (11)
Scrolls
 j - 4 scrolls of remove curse
 n - 3 scrolls of teleportation
 p - a scroll of amnesia
 r - a scroll of enchant weapon
 w - a scroll of blinking
 y - a scroll of fear
 D - a scroll of summoning
Potions
 i - a potion of haste
 s - a potion of flight
 t - 2 potions of lignification
 v - a potion of brilliance
 z - a potion of curing
Comestibles
 d - 16 rations


   Skills:
 * Level 10.5(15.5) Fighting
 * Level 11.3(16.3) Axes
 * Level 9.4(14.4) Armour
 - Level 1.5(6.5) Dodging
 - Level 1.5 Spellcasting
 - Level 2.6 Charms
 * Level 10.5 Invocations


You had 7 spell levels left.
You knew the following spells:

 Your Spells              Type           Power        Failure   Level  Hunger
a - Regeneration          Chrm/Necr      #.........   97%         3    ####...
b - Spectral Weapon       Hex/Chrm       #.......     97%         3    ####...

Your spell library contained the following spells:

 Spells                   Type           Power        Failure   Level  Hunger
 Infusion                 Chrm           #...         52%         1    ##.....
 Song of Slaying          Chrm           #.......     65%         2    ###....
 Shroud of Golubria       Chrm/Tloc      #.....       83%         2    ###....
 Sting                    Conj/Pois      #...         87%         1    ##.....
 Poisonous Vapours        Pois/Air       #.....       95%         2    ###....
 Mephitic Cloud           Conj/Pois/Air  #.......     99%         3    ####...
 Olgreb's Toxic Radiance  Pois           #.......     100%        4    #####..
 Venom Bolt               Conj/Pois      #.........   100%        5    ######.


Dungeon Overview and Level Annotations

Branches:
Dungeon (10/15)            Temple (0/1) D:6            Lair (0/6) D:8
    Orc (0/2) D:9         Ossuary (visited)

Altars:
Cheibriados
Dithmenos
Hepliaklqana
Nemelex Xobeh
Okawaru
Sif Muna
Trog
Uskayaw
Vehumet
Wu Jian
Xom
Zin
The Shining One

Annotations:
D:5 2 transporters, Alannah's ghost, novice DsHu; Duvessa; Prince Ribbit
D:10 Snorg


Message History

Snorg is heavily wounded.
Snorg barely misses you. Snorg claws you. Snorg claws you!
You closely miss Snorg.
Snorg is moderately wounded.
Snorg bites you. Snorg claws you. Snorg claws you!
You are too injured to fight recklessly!
You slice Snorg!!
Snorg is heavily wounded.
Snorg misses you. Snorg claws you!
* * * LOW HITPOINT WARNING * * *
Snorg claws you but does no damage.
You slice Snorg!!
Snorg is almost dead.
Snorg misses you. x2; Snorg claws you!
* * * LOW HITPOINT WARNING * * *
Unknown command.
You hit Snorg.
Snorg is almost dead.
Snorg bites you!!
You die...

##.......'.......†
#......###........
#.##...# ##.......
#.###..# ##.....#
#.# #..# ##...##
#.# ...# ##+##
#.#.##.# #.# #.#.
#.# #.# #@# #.#
##.## #.T....#
##...## ##...###
###.....# ....#
#....<.## ....#
#.###.... ......
##### ...#### ####


You could see Snorg (berserk).

Vanquished Creatures
  Erolcha (D:9)
  Harold (D:8)
  Pikel (D:7)
  Joseph (D:8)
  A centaur skeleton (D:7)
  A troll (D:9)
  Grinder (D:4)
  3 hippogriffs
  A wraith (Ossuary)
  3 yaks (D:9)
  Menkaure (D:6)
  A water moccasin (D:6)
  5 ice beasts
  A black bear (D:6)
  2 slaves (D:7)
  A necrophage (D:9)
  3 ogres
  4 phantoms
  3 centaurs
  2 big kobolds
  4 bullfrogs
  A gnoll sergeant (D:6)
  2 wyvern skeletons (D:7)
  4 scorpions
  3 killer bees (D:9)
  A crimson imp (D:6)
  A quasit (D:6)
  A jelly (D:6)
  5 orc priests
  6 hounds
  A bullfrog skeleton (D:6)
  An iguana (D:6)
  6 orc wizards
  7 worker ants
  A hound skeleton (D:6)
  2 hound zombies
  A mummy (Ossuary)
  12 adders
  2 shadow imps
  2 oozes
  An adder zombie (D:5)
  2 adder skeletons
  4 worms
  4 dart slugs
  6 leopard geckos
  12 orcs
  8 bats
  9 giant cockroaches
  6 goblins
  9 hobgoblins
  7 jackals
  8 quokkas
  5 ball pythons
  3 frilled lizards
  4 gnoll skeletons (Ossuary)
  A jackal skeleton (D:5)
  18 kobolds
  5 kobold skeletons (Ossuary)
  16 orc skeletons (Ossuary)
  10 rats
238 creatures vanquished.

Vanquished Creatures (others)
  A slave (D:7)
  A giant cockroach (D:7)
  A kobold (D:7)
3 creatures vanquished.

Grand Total: 241 creatures vanquished

Notes
Turn   | Place    | Note
-------+----------+-------------------------------------------
     0 | D:1      | Amplified the Hill Orc Skald began the quest for the Orb.
     0 | D:1      | Reached XP level 1. HP: 18/18 MP: 3/3
    85 | D:1      | Reached skill level 3 in Axes
    86 | D:1      | Reached XP level 2. HP: 16/25 MP: 4/4
   678 | D:1      | Reached XP level 3. HP: 28/31 MP: 5/5
   989 | D:1      | Learned a level 3 spell: Regeneration
  1368 | D:2      | Reached XP level 4. HP: 37/38 MP: 6/6
  1433 | D:2      | Found a radiant altar of Vehumet.
  1593 | D:2      | Reached skill level 4 in Axes
  2106 | D:2      | Found a shimmering blue altar of Sif Muna.
  2154 | D:3      | Found an iron altar of Okawaru.
  2182 | D:3      | Became a worshipper of Warmaster Okawaru
  2496 | D:3      | Found an ornate altar of the Wu Jian Council.
  2496 | D:3      | Found a glowing golden altar of the Shining One.
  2715 | D:3      | Noticed a moth of wrath
  2718 | D:3      | Found a bloodstained altar of Trog.
  3274 | D:4      | Noticed a phantom
  3301 | D:4      | Killed a phantom
  3301 | D:4      | Reached skill level 1 in Invocations
  3301 | D:4      | Reached XP level 5. HP: 37/47 MP: 7/7
  3437 | D:4      | Found a shimmering altar of Xom.
  3437 | D:4      | Found a sparkling altar of Nemelex Xobeh.
  3441 | D:4      | Found a hide-covered altar of Uskayaw.
  3479 | D:4      | Found a shimmering blue altar of Sif Muna.
  3597 | D:4      | Reached skill level 5 in Axes
  3597 | D:4      | Reached XP level 6. HP: 23/53 MP: 8/8
  3887 | D:4      | Found a glowing silver altar of Zin.
  3892 | D:4      | Learned a level 3 spell: Spectral Weapon
  3968 | D:4      | Noticed Grinder
  3976 | D:4      | Paralysed by Grinder for 7 turns
  3983 | D:4      | Killed Grinder
  3983 | D:4      | Reached * piety under Okawaru
  3983 | D:4      | Reached skill level 5 in Fighting
  3983 | D:4      | Reached XP level 7. HP: 33/61 MP: 9/9
  4087 | D:5      | Entered Level 5 of the Dungeon
  4260 | D:5      | Reached skill level 6 in Axes
  4268 | D:5      | Reached ** piety under Okawaru
  4529 | D:5      | Found a transporter.
  4532 | D:5      | Noticed Alannah's ghost (novice DsHu)
  4541 | D:5      | Noticed Prince Ribbit
  4558 | D:5      | Found a transporter.
  4602 | D:5      | Reached skill level 5 in Armour
  4602 | D:5      | Reached XP level 8. HP: 28/70 MP: 11/11
  4608 | D:5      | Noticed Duvessa
  4738 | D:6      | Reached skill level 5 in Invocations
  4742 | D:6      | Found a staircase to the Ecumenical Temple.
  4744 | D:6      | Found a shadowy altar of Dithmenos.
  4781 | D:6      | Found a sand-covered staircase.
  4869 | Ossuary  | Entered an ossuary
  4869 | Ossuary  | Noticed a wraith
  4869 | Ossuary  | Noticed a wraith
  4869 | Ossuary  | Noticed a wraith
  5151 | Ossuary  | Noticed a wraith
  5162 | Ossuary  | Killed a wraith
  5162 | Ossuary  | Reached skill level 7 in Axes
  5386 | D:6      | Noticed Menkaure
  5400 | D:6      | Killed Menkaure
  5709 | D:6      | Reached XP level 9. HP: 67/79 MP: 13/13
  5741 | D:6      | Reached skill level 8 in Axes
  6195 | D:6      | Reached *** piety under Okawaru
  6658 | D:6      | Found a hazy altar of Hepliaklqana.
  7040 | D:7      | Noticed Pikel
  7059 | D:7      | Killed Pikel
  7059 | D:7      | Reached **** piety under Okawaru
  7059 | D:7      | Reached skill level 9 in Axes
  7112 | D:7      | Found a snail-covered altar of Cheibriados.
  7217 | D:7      | Reached XP level 10. HP: 71/90 MP: 16/16
  7740 | D:8      | Noticed Harold
  7760 | D:8      | Killed Harold
  7760 | D:8      | Reached skill level 10 in Axes
  7783 | D:8      | Noticed Joseph
  7822 | D:8      | Killed Joseph
  7905 | D:8      | Reached ***** piety under Okawaru
  8424 | D:8      | Noticed a death yak
  8426 | D:8      | Noticed a death yak
  8427 | D:8      | Found a staircase to the Lair.
  8427 | D:8      | Noticed a death yak
  8479 | D:9      | Reached skill level 10 in Fighting
  8746 | D:9      | Received a gift from Okawaru
  8746 | D:9      | Reached skill level 10 in Invocations
  8822 | D:9      | Reached skill level 11 in Axes
  8858 | D:9      | Noticed Erolcha
  8859 | D:9      | Reached XP level 11. HP: 73/100 MP: 18/18
  8877 | D:9      | Killed Erolcha
  8972 | D:9      | Got a brightly glowing robe
  8983 | D:9      | Identified the cursed +1 robe "Jeoddyne" {*Corrode rPois
                  | rN+ SInv} (You found it on level 9 of the Dungeon)
  9366 | D:9      | Found a staircase to the Orcish Mines.
  9708 | D:10     | Entered Level 10 of the Dungeon
  9772 | D:10     | Noticed Snorg
  9790 | D:10     | Slain by Snorg

Levels and vault maps discovered:
D:1:      zaba_arrival_water, layout_basic
D:2:      layout_basic, marbit_many_paths, led_sif_pool
D:3:      layout_basic, tgw_trog, gammafunk_temple_overflow_wave,
          okawaru_ov_weapons_minmay, minmay_misc_feat_doors
D:4:      layout_loops_ring, lemuel_doored_altar, zin_statuary,
          gammafunk_temple_overflow_forgotten, minmay_misc_feat_iff,
          uniq_grinder
D:5:      cheibrodos_fzero, layout_basic, gammafunk_ghost_arena, first_ration,
          serial_shops, shop, minmay_between, uniq_duvessa, uniq_prince_ribbit1
D:6:      minmay_polygon_palace, layout_basic, old_standard_altar,
          lemuel_crystal_altar, minmay_temple_entry_proselytizer, serial_glass,
          glass_columns_a, glass_columns_a, feat_on_display, item_on_display_a,
          minmay_strange_pillars, minmay_strange_pillars,
          nicolae_ossuary_entry_monument, grunt_ministairs_7,
          minmay_joined_circles, uniq_menkaure
D:7:      layout_rooms, lemuel_crystal_altar, uniq_pikel
D:8:      layout_basic, dpeg_lair_monsters, basic_altar, uniq_harold,
          uniq_joseph, uniq_psyche
D:9:      layout_basic, orc_0_dummy, uniq_erolcha
D:10:     minmay_gate_of_8, layout_loops_corners,
          hangedman_little_slice_of_home, uniq_snorg

Skill      XL: |  1  2  3  4  5  6  7  8  9 10 |
---------------+-------------------------------+-----
Axes           | 3 4 5 6 7 9 11 | 11.3
Fighting       | 3 4 5 6 7 8 10 | 10.5
Armour         | 2 3 4 5 6 7 9 |  9.4
Invocations    | 1 2 3 4 6 8 10 | 10.5
Dodging        | |  1.5
Spellcasting   | |  1.5
Charms         | |  2.6

Action                   |  1- 3 |  4- 6 |  7- 9 | 10-12 || total
-------------------------+-------+-------+-------+-------++-------
Melee: Hand axe          |   152 |   167 |       |       ||   319
       War axe           |       |    53 |   387 |   217 ||   657
       Punch             |       |       |     1 |     1 ||     2
Throw: Dart              |       |     3 |     9 |       ||    12
 Cast: Infusion          |     3 |       |       |       ||     3
Invok: Heroism           |       |       |     7 |     6 ||    13
Evoke: Wand              |       |       |     2 |     5 ||     7
  Use: Scroll            |     6 |     4 |     9 |     4 ||    23
       Potion            |     1 |     3 |     7 |     2 ||    13
  Eat: Chunk             |     2 |     7 |    11 |     7 ||    27
       Ration            |       |       |       |     1 ||     1
Armor: Leather armour    |    28 |       |       |       ||    28
       Chain mail        |    62 |   139 |   192 |   141 ||   534
       Robe              |       |       |       |     5 ||     5
Dodge: Dodged            |    70 |    90 |   160 |   132 ||   452
